 Dungeon Crawl Stone Soup version 0.26-a0-72-g09a6a6ccbd (webtiles) character file.

Game seed: 10486783039637284832

147801 funkygono the Severer (level 17, -4/150 HPs)
             Began as a Hill Orc Fighter on June 11, 2020.
             Was an Elder of Okawaru.
             Slain by a black mamba (14 damage)
             ... on level 2 of the Snake Pit on June 14, 2020.
             The game lasted 01:50:32 (28270 turns).

funkygono the Severer (Hill Orc Fighter)           Turns: 28270, Time: 01:50:32

Health: -4/150     AC: 18    Str: 25    XL:     17   Next: 17%
Magic:  24/24      EV: 12    Int:  9    God:    Okawaru [****..]
Gold:   2173       SH: 20    Dex: 10    Spells: 18/22 levels left

rFire    . . .     SeeInvis +   m - +8 mithril axe "Arga" {speed, MR+}
rCold    + + .     Gourm    .   c - +1 kite shield
rNeg     + . .     Faith    .   M - +1 scale mail of Doomed Freedom {rPois}
rPois    +         Spirit   .   J - +1 hat {MR+}
rElec    .         Reflect  +   K - +2 cloak
rCorr    .         Harm     .   t - -1 pair of gloves
MR       ++...                  O - +2 pair of boots {run}
Stlth    +.........             q - amulet of reflection
HPRegen  0.35/turn              R - ring of positive energy
MPRegen  0.19/turn              z - ring of Uwomawn {rC++ MR- SInv}

@: mighty, quick
A: no striking features
}: 1/15 runes: decaying
a: Heroism, Renounce Religion


You were on level 2 of the Snake Pit.
You worshipped Okawaru.
Okawaru was greatly pleased with you.
You were not hungry.

You visited 5 branches of the dungeon, and saw 23 of its levels.

You collected 2173 gold pieces.

Inventory:

Hand Weapons
 a - a +9 war axe of draining
 m - the +8 mithril axe "Arga" (weapon) {speed, MR+}
   (Okawaru gifted it to you on level 2 of the Swamp)

   Attacks with this weapon are significantly faster.
   It affects your resistance to hostile enchantments.
 B - the +8 arc blade {discharge, rElec}
   (You took it off an iron imp on level 6 of the Dungeon)

   It insulates you from electricity.
Missiles
 g - 674 stones (quivered)
 o - 6 atropa-tipped darts
 w - 129 bolts
Armour
 c - a +1 kite shield (worn)
 n - a +1 helmet
 t - a -1 pair of gloves (worn)
 J - a +1 hat of magic resistance (worn)
 K - a +2 cloak (worn)
 M - the +1 scale mail of Doomed Freedom (worn) {rPois}
   (You found it on level 1 of the Lair of Beasts)

   It protects you from poison.
 O - a +2 pair of boots of running (worn)
 U - a +3 crystal plate armour
Jewellery
 b - an uncursed ring of protection from magic
 i - an uncursed ring of magical power
 l - an uncursed ring of ice
 q - an amulet of reflection (around neck)
 z - the ring of Uwomawn (right hand) {rC++ MR- SInv}
   (You found it on level 6 of the Dungeon)

   [ring of see invisible]

   It greatly protects you from cold.
   It affects your resistance to hostile enchantments.
   It lets you see invisible.
 D - an uncursed amulet of guardian spirit
 H - an uncursed ring of resist corrosion
 L - an uncursed amulet of the acrobat
 N - an uncursed ring of flight
 R - a ring of positive energy (left hand)
Wands
 F - a wand of paralysis (20)
 G - a wand of acid (8)
Scrolls
 j - 9 scrolls of remove curse
 s - 10 scrolls of teleportation
 v - 2 scrolls of identify
 E - 2 scrolls of fog
 P - 3 scrolls of amnesia
 Q - 2 scrolls of fear
Potions
 d - a potion of might
 e - 4 potions of lignification
 h - 2 potions of brilliance
 k - 4 potions of flight
 p - a potion of curing
 r - 2 potions of ambrosia
 u - 2 potions of berserk rage
 x - 2 potions of stabbing
 C - a potion of mutation
 I - 2 potions of haste
 T - a potion of resistance
Miscellaneous
 V - a phial of floods
Comestibles
 f - 32 rations


   Skills:
 + Level 13.6 Fighting
 + Level 12.0 Short Blades
 + Level 18.3 Axes
 + Level 10.5 Armour
 + Level 5.5 Dodging
 + Level 5.4 Stealth
 + Level 14.8 Shields
 + Level 3.3 Spellcasting
 + Level 3.0 Hexes
 + Level 0.7 Summonings
 + Level 9.5 Invocations
 + Level 4.7 Evocations


You had 18 spell levels left.
You knew the following spells:

 Your Spells              Type           Power        Failure   Level  Hunger
a - Corona                Hex            #......      17%         1    #......
b - Summon Small Mammal   Summ           #...         41%         1    #......
c - Magic Dart            Conj           #...         52%         1    #......
d - Sting                 Tmut/Pois      #...         52%         1    #......

Your spell library contained the following spells:

 Spells                   Type           Power        Failure   Level  Hunger
 Slow                     Hex            #.......     26%         2    ###....
 Call Imp                 Summ           #.......     56%         2    ###....
 Summon Guardian Golem    Hex/Summ       #.......     63%         3    ###....
 Poisonous Vapours        Pois/Air       #.....       65%         2    ###....
 Searing Ray              Conj           #.....       65%         2    ###....
 Dazzling Flash           Conj/Hex       #.....       67%         3    ###....
 Inner Flame              Hex/Fire       #.......     67%         3    ###....
 Portal Projectile        Hex/Tloc       #.....       67%         3    ###....
 Call Canine Familiar     Summ           #.......     80%         3    ###....
 Cause Fear               Hex            #.........   86%         4    #####..
 Ignite Poison            Fire/Tmut/Pois #.......     87%         3    ###....
 Mephitic Cloud           Conj/Pois/Air  #.......     87%         3    ###....
 Fulminant Prism          Conj/Hex       #.........   97%         4    #####..
 Leda's Liquefaction      Hex/Erth       #.........   97%         4    #####..
 Iskenderun's Mystic Bla  Conj/Tloc      #.......     99%         4    #####..
 Olgreb's Toxic Radiance  Pois           #.......     99%         4    #####..
 Summon Ice Beast         Ice/Summ       #.......     99%         4    #####..
 Summon Lightning Spire   Summ/Air       #.......     99%         4    #####..
 Irradiate                Conj/Tmut      #.........   100%        5    ######.
 Hydra Form               Tmut           #.........   100%        6    #######
 Statue Form              Tmut/Erth      #........    100%        6    #######
 Dragon Form              Tmut           #.........   100%        7    #######


Dungeon Overview and Level Annotations

Branches:
Dungeon (10/15)            Temple (1/1) D:4            Lair (6/6) D:10
  Swamp (4/4) Lair:4        Snake (2/4) Lair:4        Slime (0/5) Lair:5
    Orc (0/2) D:10

Altars:
Ashenzari
Cheibriados
Dithmenos
Elyvilon
Fedhas
Gozag
Hepliaklqana
Kikubaaqudgha
Makhleb
Nemelex Xobeh
Okawaru
Qazlal
Ru
Sif Muna
Trog
Uskayaw
Vehumet
Wu Jian
Xom
Yredelemnul
Zin
The Shining One

Shops:
D:5 [=*   D:10 :   Snake:1 }=}=

Annotations:
Lair:5 exclusion: 3 oklob plants


Message History

You see here a black mamba corpse.
A naga warrior is nearby!
A naga and a naga mage come into view.
The naga shouts!
The naga mage shouts!
You block the naga warrior's attack. The naga warrior grabs you.
The naga warrior constricts you.
A naga comes into view. It is wielding a +0 scimitar.
The naga moves out of view.
Things that are here:
a +6 lajatang of electrocution; a +2 robe of magic resistance the spriggan corpse of Agnes The naga warrior blocks your attack.
The naga warrior loses its grip on you.
A naga sharpshooter comes into view. It is wielding a +0 long sword.
You block the naga's attack. x2; The black mamba bites you.
* * * LOW HITPOINT WARNING * * *
The naga warrior blocks your attack.
You slice the black mamba!! You slash the naga!
Unknown command.
You block the naga warrior's attack. x2; The black mamba bites you!
You die...

# .# ##.
#.###..
###.(...###
#..#....).#
#...## #)#
#...##†##
#[..<#@†#
#..N.SN.#
#.NNN..†.....#
#............#
....##.......#
...# #....#..#
.## .#...#.##
..##..#.# ...
....


You could see a naga warrior, a naga sharpshooter, a black mamba, a naga mage
and 2 nagas.

Vanquished Creatures
  Nikola (Snake:1)
  Jorgrun (Swamp:1)
  Agnes (Snake:2)
  7 thorn hunters
  Aizul (Snake:2)
  Louise (Snake:1)
  2 vampire knights (Swamp:4)
  The ghost of sobakacece the Severer, a journeyman MiFi of Trog (Snake:1)
  Josephine (Lair:5)
  14 hydras
  3 ghost crabs
  3 naga warriors (Snake:1)
  A catoblepas (Lair:6)
  17 alligators
  A two-headed ogre (D:10)
  A dancing weapon (Snake:1)
  4 shambling mangroves
  4 death yaks (Lair:3)
  A shock serpent (Snake:2)
  6 spriggans
  A sea snake (Snake:1)
  4 swamp dragons (Swamp:4)
  3 spriggan druids
  2 flayed ghosts (Swamp:4)
  A phantasmal warrior (Swamp:4)
  5 oklob plants
  2 spectral hydras (Swamp:4)
  A mana viper (Snake:1)
  A manticore (Lair:4)
  17 black mambas
  Joseph (D:8)
  2 gargoyles (D:10)
  4 naga magi
  A molten gargoyle (Lair:6)
  Psyche (D:8)
  A torpor snail (Lair:4)
  Maurice (D:8)
  28 spiny frogs
  8 komodo dragons
  8 rime drakes
  3 freezing wraiths (Swamp:4)
  4 hydra zombies (Swamp:4)
  A queen bee (D:8)
  2 death drake zombies (Swamp:4)
  3 polar bears (Lair:5)
  9 slime creatures
  12 hornets
  26 blink frogs
  15 tyrant leeches
  9 bog bodies
  16 hippogriffs
  3 wraiths (Lair:5)
  A shadow (Swamp:4)
  7 wyverns
  A vampire (D:10)
  40 yaks
  27 vampire mosquitoes
  2 wargs (D:10)
  Grum (Lair:1)
  A hungry ghost (D:7)
  9 nagas
  6 basilisks (Lair:4)
  16 swamp worms
  Edmund (D:6)
  4 hydra simulacra (Swamp:4)
  The ghost of UristMcRaven the Magician, an amateur DEEE (D:4)
  17 water moccasins
  7 swamp drakes
  8 porcupines
  3 ice beasts
  3 sky beasts
  A black bear (D:10)
  A swamp dragon zombie (Swamp:4)
  4 orc warriors
  4 necrophages (D:10)
  A phantom (D:10)
  5 ogres
  11 wolves
  5 centaurs
  14 crocodiles
  3 big kobolds
  24 bullfrogs
  A water moccasin zombie (D:7)
  A wyvern zombie (D:10)
  A gnoll sergeant (D:8)
  A wyvern skeleton (D:10)
  5 scorpions
  23 killer bees
  4 electric eels (Lair:6)
  7 howler monkeys
  5 wights (D:8)
  8 crimson imps
  A bullfrog zombie (D:10)
  A centaur zombie (D:6)
  5 hounds
  4 orc priests
  A bullfrog skeleton (D:6)
  3 iron imps (D:6)
  3 jellies
  4 iguanas
  A centaur skeleton (D:6)
  7 orc wizards
  7 worker ants
  3 hound zombies
  3 hound skeletons
  A howler monkey zombie (D:10)
  A howler monkey skeleton (D:5)
  3 worker ant zombies (D:10)
  6 gnolls
  15 adders
  3 shadow imps
  3 oozes
  An adder zombie (D:6)
  6 worms
  2 dart slugs
  7 leopard geckos
  29 orcs
  5 ball pythons
  5 giant cockroaches
  2 goblins (D:2)
  4 hobgoblins
  5 jackals
  14 kobolds
  9 quokkas
  8 bats
  6 frilled lizards
  A leopard gecko skeleton (D:6)
  A quokka skeleton (D:4)
  6 rats
  14 briar patches
  4 fungi
  5 plants
759 creatures vanquished.

Vanquished Creatures (collateral kills)
  An alligator (Swamp:4)
  A crocodile (Lair:2)
2 creatures vanquished.

Vanquished Creatures (others)
  A spriggan druid (Swamp:3)
  A tyrant leech (Swamp:3)
  6 briar patches (Swamp:4)
  2 bushes (D:10)
  15 fungi
  55 plants
  6 toadstools (Swamp:3)
86 creatures vanquished.

Grand Total: 847 creatures vanquished

Notes
Turn   | Place    | Note
-------+----------+-------------------------------------------
     0 | D:1      | funkygono the Hill Orc Fighter began the quest for the Orb.
     0 | D:1      | Reached XP level 1. HP: 19/19 MP: 1/1
   235 | D:1      | Reached skill level 3 in Axes
   235 | D:1      | Reached XP level 2. HP: 27/27 MP: 2/2
  1008 | D:2      | Reached XP level 3. HP: 29/33 MP: 3/3
  1213 | D:2      | Reached XP level 4. HP: 40/40 MP: 4/4
  1619 | D:2      | Reached skill level 4 in Axes
  1805 | D:2      | Found a glowing golden altar of the Shining One.
  2062 | D:3      | Found a radiant altar of Vehumet.
  2201 | D:3      | Reached XP level 5. HP: 46/46 MP: 5/5
  2518 | D:3      | Noticed an ice beast
  2532 | D:3      | Killed an ice beast
  2532 | D:3      | Reached skill level 5 in Axes
  2532 | D:3      | Reached XP level 6. HP: 4/52 MP: 6/6
  3372 | D:4      | Reached skill level 6 in Axes
  3372 | D:4      | Reached skill level 1 in Dodging
  3509 | D:4      | Noticed a sky beast
  3524 | D:4      | Killed a sky beast
  3524 | D:4      | Reached skill level 5 in Armour
  3524 | D:4      | Reached XP level 7. HP: 18/60 MP: 7/7
  3831 | D:4      | Found a staircase to the Ecumenical Temple.
  3846 | Temple   | Entered the Ecumenical Temple
  4098 | Temple   | Became a worshipper of Warmaster Okawaru
  4306 | D:4      | Reached skill level 7 in Axes
  4619 | D:4      | Reached skill level 5 in Shields
  4755 | D:4      | Found a large runed translucent door.
  4755 | D:4      | Found a large runed translucent door.
  4760 | D:4      | Noticed UristMcRaven's ghost (amateur DEEE)
  4774 | D:4      | Killed UristMcRaven's ghost
  4774 | D:4      | Reached * piety under Okawaru
  4961 | D:4      | Got a dazzling dagger
  4962 | D:4      | Identified the +7 dagger of Big Damage {venom, rF+} (You
                  | found it on level 4 of the Dungeon)
  5409 | D:5      | Entered Level 5 of the Dungeon
  5420 | D:5      | Found a shattered altar of Ashenzari.
  5444 | D:5      | Reached skill level 8 in Axes
  5449 | D:5      | Reached XP level 8. HP: 50/67 MP: 8/8
  5574 | D:5      | Reached skill level 5 in Fighting
  5626 | D:5      | Found Odenub's Assorted Antiques.
  5904 | D:5      | Got an encrusted leather armour
  5915 | D:5      | Identified the +1 leather armour "Ofu Naf" {rC+ Str+7} (You
                  | found it on level 5 of the Dungeon)
  5919 | D:5      | Found a shimmering blue altar of Sif Muna.
  5952 | D:5      | Found a snail-covered altar of Cheibriados.
  6021 | D:5      | Found Gawuvuy's Jewellery Shop.
  6064 | D:5      | Found Ereplell's Armour Boutique.
  6150 | D:5      | Reached skill level 9 in Axes
  6173 | D:5      | Found an opulent altar of Gozag.
  6827 | D:6      | Reached skill level 1 in Invocations
  7080 | D:6      | Reached skill level 1 in Stealth
  7184 | D:6      | Got a flickering silver ring
  7197 | D:6      | Found a burning altar of Makhleb.
  7202 | D:6      | Got a shimmering ring mail
  7216 | D:6      | Reached skill level 10 in Axes
  7216 | D:6      | Reached XP level 9. HP: 70/74 MP: 9/9
  7217 | D:6      | Reached ** piety under Okawaru
  7233 | D:6      | Identified the +7 ring mail "Poafe" {Str+2} (You found it
                  | on level 6 of the Dungeon)
  7281 | D:6      | Noticed Edmund
  7285 | D:6      | Killed Edmund
  7346 | D:6      | Identified the ring of Uwomawn {rC++ MR- SInv} (You found
                  | it on level 6 of the Dungeon)
  7697 | D:7      | Found a bloodstained altar of Trog.
  7869 | D:7      | Reached skill level 11 in Axes
  7876 | D:7      | Reached skill level 1 in Short Blades
  8589 | D:8      | Noticed a queen bee
  8627 | D:8      | Reached XP level 10. HP: 84/84 MP: 12/12
  8646 | D:8      | Reached *** piety under Okawaru
  8914 | D:8      | Noticed Joseph
  8928 | D:8      | Killed Joseph
  8961 | D:8      | Noticed Maurice
  8972 | D:8      | Killed Maurice
  8972 | D:8      | Received a gift from Okawaru
  8972 | D:8      | Reached skill level 5 in Short Blades
  9381 | D:8      | Noticed Psyche
  9386 | D:8      | Killed Psyche
  9386 | D:8      | Received a gift from Okawaru
 10029 | D:9      | Reached XP level 11. HP: 91/91 MP: 14/14
 10068 | D:9      | Found a sparkling altar of Nemelex Xobeh.
 10142 | D:10     | Entered Level 10 of the Dungeon
 10210 | D:10     | Noticed a two-headed ogre
 10222 | D:10     | Reached skill level 5 in Invocations
 10240 | D:10     | Killed a two-headed ogre
 10240 | D:10     | Reached **** piety under Okawaru
 10832 | D:10     | Found Epamuata's Book Emporium.
 10901 | D:10     | Found a staircase to the Lair.
 10917 | D:10     | Learned a level 1 spell: Corona
 11214 | D:10     | Found a staircase to the Orcish Mines.
 11227 | D:10     | Found a blossoming altar of Fedhas.
 11358 | Lair:1   | Entered Level 1 of the Lair of Beasts
 11358 | Lair:1   | Noticed Grum
 11362 | Lair:1   | Noticed an eight-headed hydra
 11392 | Lair:1   | Killed a 15-headed hydra
 11395 | Lair:1   | Reached ***** piety under Okawaru
 11398 | Lair:1   | Killed Grum
 11398 | Lair:1   | Reached skill level 1 in Evocations
 11694 | Lair:1   | Got a pitted scale mail
 11705 | Lair:1   | Identified the +1 scale mail of Doomed Freedom {rPois} (You
                  | found it on level 1 of the Lair of Beasts)
 11778 | Lair:1   | Received a gift from Okawaru
 11795 | Lair:1   | Identified a +0 pair of boots of running (Okawaru gifted it
                  | to you on level 1 of the Lair of Beasts)
 12097 | Lair:2   | Reached XP level 12. HP: 77/101 MP: 14/16
 12113 | Lair:2   | Noticed a four-headed hydra
 12118 | Lair:2   | Killed a four-headed hydra
 12125 | Lair:2   | Reached skill level 12 in Axes
 12126 | Lair:2   | Reached skill level 10 in Shields
 12143 | Lair:2   | Reached skill level 1 in Spellcasting
 12173 | Lair:2   | Reached skill level 1 in Hexes
 13035 | Lair:3   | Noticed a death yak
 13035 | Lair:3   | Noticed a death yak
 13035 | Lair:3   | Noticed a death yak
 13036 | Lair:3   | Noticed a death yak
 13055 | Lair:3   | Killed a death yak
 13068 | Lair:3   | Killed a death yak
 13069 | Lair:3   | Killed a death yak
 13069 | Lair:3   | Received a gift from Okawaru
 13080 | Lair:3   | Killed a death yak
 13080 | Lair:3   | Reached skill level 5 in Dodging
 13183 | Lair:3   | Noticed a six-headed hydra
 13197 | Lair:3   | Killed a 14-headed hydra
 13197 | Lair:3   | Reached XP level 13. HP: 25/108 MP: 13/17
 13675 | Lair:3   | Reached skill level 13 in Axes
 14249 | Lair:4   | Found a staircase to the Snake Pit.
 14449 | Lair:4   | Found a staircase to the Swamp.
 14457 | Lair:4   | Learned a level 1 spell: Summon Small Mammal
 14728 | Lair:4   | Reached skill level 10 in Short Blades
 14760 | Lair:4   | Received a gift from Okawaru
 16082 | Lair:5   | Found a staircase to the Slime Pits.
 16131 | Lair:5   | Reached skill level 10 in Fighting
 16252 | Lair:5   | Received a gift from Okawaru
 16405 | Lair:5   | Noticed Josephine
 16418 | Lair:5   | Killed Josephine
 16449 | Lair:5   | Reached XP level 14. HP: 110/122 MP: 19/19
 17445 | Lair:6   | Entered Level 6 of the Lair of Beasts
 18213 | Lair:6   | Reached ****** piety under Okawaru
 18347 | Lair:6   | Received a gift from Okawaru
 18350 | Lair:6   | Got a polished rapier {god gift}
 18351 | Lair:6   | Identified the +7 rapier "Errubann" {speed, Str+2} (Okawaru
                  | gifted it to you on level 6 of the Lair of Beasts)
 20364 | Lair:6   | Identified a scroll of acquirement
 20368 | Lair:6   | Upgraded the game from 0.26-a0-64-g059e62fbdb to
                  | 0.26-a0-72-g09a6a6ccbd
 20559 | Swamp:1  | Entered Level 1 of the Swamp
 20559 | Swamp:1  | Noticed Jorgrun
 20578 | Swamp:1  | Killed Jorgrun
 20578 | Swamp:1  | Received a gift from Okawaru
 20791 | Swamp:1  | Reached skill level 14 in Axes
 21058 | Swamp:1  | Reached XP level 15. HP: 109/130 MP: 20/20
 21920 | Swamp:1  | Received a gift from Okawaru
 22455 | Swamp:2  | Reached skill level 15 in Axes
 22490 | Swamp:2  | Noticed a thorn hunter
 22514 | Swamp:2  | Killed a thorn hunter
 23102 | Swamp:2  | Received a gift from Okawaru
 23103 | Swamp:2  | Found the +8 mithril axe "Arga" {speed, MR+}
 23844 | Swamp:3  | Learned a level 1 spell: Magic Dart
 24041 | Swamp:3  | Learned a level 1 spell: Sting
 24175 | Swamp:3  | Noticed a thorn hunter
 24195 | Swamp:3  | Killed a thorn hunter
 24196 | Swamp:3  | Reached skill level 16 in Axes
 24272 | Swamp:3  | Noticed a thorn hunter
 24284 | Swamp:3  | Killed a thorn hunter
 24517 | Swamp:3  | Noticed a thorn hunter
 24531 | Swamp:3  | Killed a thorn hunter
 24531 | Swamp:3  | Reached XP level 16. HP: 87/139 MP: 22/22
 24907 | Swamp:4  | Entered Level 4 of the Swamp
 24911 | Swamp:4  | Noticed a thorn hunter
 24933 | Swamp:4  | Killed a thorn hunter
 25277 | Swamp:4  | Received a gift from Okawaru
 25329 | Swamp:4  | Reached skill level 10 in Armour
 25346 | Swamp:4  | Reached skill level 17 in Axes
 25355 | Swamp:4  | Paralysed by a vampire knight for 3 turns
 25746 | Swamp:4  | Received a gift from Okawaru
 25768 | Swamp:4  | Noticed a thorn hunter
 25773 | Swamp:4  | Noticed a thorn hunter
 25774 | Swamp:4  | Found a blossoming altar of Fedhas.
 25799 | Swamp:4  | Killed a thorn hunter
 25807 | Swamp:4  | Killed a thorn hunter
 25994 | Swamp:4  | Received a gift from Okawaru
 26502 | Swamp:4  | Found a basalt altar of Yredelemnul.
 26693 | Swamp:4  | Got a decaying rune of Zot
 26929 | Snake:1  | Entered Level 1 of the Snake Pit
 26929 | Snake:1  | Found a runed translucent door.
 26930 | Snake:1  | Found a shimmering altar of Xom.
 26930 | Snake:1  | Noticed sobakacece's ghost (journeyman MiFi)
 26951 | Snake:1  | Reached skill level 5 in Stealth
 26974 | Snake:1  | Killed sobakacece's ghost
 27243 | Snake:1  | Noticed Louise
 27265 | Snake:1  | Killed Louise
 27473 | Snake:1  | Noticed Nikola
 27496 | Snake:1  | Reached skill level 18 in Axes
 27520 | Snake:1  | Killed Nikola
 27802 | Snake:1  | Found Luufaan's Gadget Shoppe.
 27812 | Snake:1  | Reached XP level 17. HP: 140/150 MP: 23/23
 27918 | Snake:1  | Found Gits's Jewellery Emporium.
 27918 | Snake:1  | Found Liczan's Gadget Boutique.
 27919 | Snake:1  | Found Tiudoun's Jewellery Emporium.
 28194 | Snake:2  | Noticed Aizul
 28221 | Snake:2  | Killed Aizul
 28234 | Snake:2  | Noticed Agnes
 28253 | Snake:2  | HP: 6/150 [Agnes/+6 lajatang of electrocution (17)]
 28254 | Snake:2  | Killed Agnes
 28270 | Snake:2  | Slain by a black mamba

Illustrated notes

Levels and vault maps discovered:
D:1:      minmay_arrival_nine_rooms, layout_loops_corners
D:2:      layout_rooms, nicolae_tso_swordbearing_angel, minmay_heptomino_w4
D:3:      layout_basic, vehumet_crystals, first_ration
D:4:      layout_loops_corners, minmay_temple_entry_large_hall,
          ebering_ghost_disaster_area, nzn_random_ring
D:5:      layout_rooms, slow_altar_1, cheibrodos_ashenzari_chains,
          nicolae_gozag_seed_capital, serial_shops, shop,
          nicolae_shop_behind_doors, nicolae_shop_overgrown_old_shop,
          lemuel_blue_sif_altar
D:6:      layout_basic, demons_altar, uniq_edmund
D:7:      layout_basic, basic_altar
D:8:      layout_loops_cross, david_nohive_1, uniq_joseph, uniq_maurice,
          uniq_psyche
D:9:      layout_rooms, serial_glass, glass_columns_a, glass_columns_a,
          moated_statue, lemuel_altar_in_water
D:10:     layout_roguey, erik_lair_orcish_takeover, orc_0_dummy, serial_shops,
          shop_coins, minivault_4, fedhas_altar_decomposition
Temple:   compressed_dpeg_circular_temple
Lair:1:   layout_roguey, beast_lair_carwin_3, uniq_grum
Lair:2:   layout_misc_corridors, lemuel_fruit_fields
Lair:3:   layout_gridlike, infiniplex_staircase_pool_2
Lair:4:   layout_hall_layers, skrybe_swamp_entry_bodies,
          guppyfry_snake_entry_garden, special_room [special_room_mythical_zoo],
          minivault_19, serial_bayou_crossing, grunt_megastairs_4
Lair:5:   layout_regular_city, slime_dummy, beast_lair_carwin_4,
          minmay_lair_oklob_chamber, grunt_megastairs_2, lemuel_fruit_tree,
          uniq_josephine
Lair:6:   minmay_lair_end_frog_pond, layout_gridlike, serial_bayou_lagoon_b
Swamp:1:  layout_falls_marsh, evilmike_swamp_ruin_house_3, swamp_pool1,
          infiniplex_staircase_pool, uniq_jorgrun
Swamp:2:  layout_falls_marsh, nicolae_swamp_stair_fork
Swamp:3:  cheibrodos_swamp_tower_of_moss, layout_basic_swamp,
          nicolae_swamp_round_clearing
Swamp:4:  byrel_swamp_growth_death_and_undeath, layout_basic_swamp
Snake:1:  layout_misc_corridors, serial_shops, nicolae_shop_crystal,
          ebering_ghost_xom, minmay_snake_pond, minmay_shop_grove, uniq_louise,
          uniq_nikola
Snake:2:  layout_onion_interference, grunt_ministairs_10, uniq_asterion,
          uniq_aizul, uniq_agnes

Skill      XL: |  1  2  3  4  5  6  7  8  9 10 11 12 13 14 15 16 |
---------------+-------------------------------------------------+-----
Axes           | 3 4 5 6 8 10 11 12 13 14 16 18 | 18.3
Armour         | 4 5 6 7 9 10 | 10.5
Shields        | 4 5 6 7 8 9 10 11 12 13 14 | 14.8
Fighting       | 4 5 6 7 8 10 11 12 13 | 13.6
Dodging        | 1 2 3 4 5 |  5.5
Invocations    | 1 3 4 5 6 7 8 9 |  9.5
Stealth        | 1 2 3 4 5 |  5.4
Short Blades   | 3 6 8 9 11 12 | 12.0
Evocations     | 1 2 4 |  4.7
Spellcasting   | 2 3 |  3.3
Hexes          | 2 3 |  3.0
Summonings     | |  0.7

Action                   |  1- 3 |  4- 6 |  7- 9 | 10-12 | 13-15 | 16-18 || total
-------------------------+-------+-------+-------+-------+-------+-------++-------
Melee: War axe           |    64 |   175 |   221 |    83 |   564 |       ||  1107
       Rapier            |       |       |   111 |   394 |   401 |       ||   906
       Broad axe         |       |       |       |       |   184 |   542 ||   726
Throw: Javelin           |       |       |       |     4 |     9 |     2 ||    15
       Stone             |       |       |       |     3 |    16 |    12 ||    31
       Dart              |       |       |       |       |       |     1 ||     1
 Cast: Corona            |       |       |       |    16 |    12 |       ||    28
       Summon Small Mamm |       |       |       |       |     1 |       ||     1
Invok: Heroism           |       |       |    28 |    39 |    64 |    30 ||   161
       Finesse           |       |       |       |       |     4 |     4 ||     8
Evoke: Wand              |       |       |       |    11 |    38 |    22 ||    71
       Box of beasts     |       |       |       |     1 |       |     1 ||     2
  Use: Scroll            |     3 |     5 |    12 |     7 |    14 |     3 ||    44
       Potion            |       |       |     1 |     5 |       |    11 ||    17
 Stab: Sleeping          |       |       |     1 |     3 |     1 |       ||     5
       Distracted        |       |       |       |     2 |       |       ||     2
       Confused          |       |       |       |     5 |     5 |       ||    10
       Paralysed         |       |       |       |       |     2 |     6 ||     8
       Invisible         |       |       |       |       |       |     2 ||     2
  Eat: Chunk             |     1 |     4 |    10 |    13 |    14 |       ||    42
       Ration            |       |     1 |     2 |     1 |     7 |     3 ||    14
Armor: Scale mail        |    35 |    83 |    33 |       |       |    24 ||   175
       Leather armour    |       |       |     2 |       |       |       ||     2
       Ring mail         |       |       |    23 |    90 |    45 |       ||   158
       Crystal plate arm |       |       |       |       |   364 |   203 ||   567
Dodge: Dodged            |    18 |    76 |    71 |   144 |   191 |    88 ||   588
Block: Kite shield       |    55 |   106 |   194 |   306 |   746 |   294 ||  1701
       Reflection        |       |       |     2 |     9 |    20 |    14 ||    45

Table legend:
 A = Non-vault XP
 B = Vault XP
 C = Vault XP percentage of total XP
 D = Non-vault monster count
 E = Vault monster count
 F = Vault count percentage of total count
                 A         B        C        D         E       F
            +---------+---------+-------+---------+---------+-------
      Total |  115134 |   77439 |  40.2 |     511 |     228 |  30.9
            +---------+---------+-------+---------+---------+-------
        D:1 |      29 |       0 |   0.0 |      13 |       0 |   0.0
        D:2 |      95 |      18 |  15.9 |      17 |       6 |  26.1
        D:3 |     210 |       0 |   0.0 |      20 |       0 |   0.0
        D:4 |     378 |     417 |  52.5 |      19 |      15 |  44.1
        D:5 |     651 |       5 |   0.8 |      16 |       1 |   5.9
        D:6 |     482 |     286 |  37.2 |      15 |       4 |  21.1
        D:7 |    1460 |       0 |   0.0 |      33 |       0 |   0.0
        D:8 |    1627 |    2518 |  60.7 |      34 |      18 |  34.6
        D:9 |    1199 |       0 |   0.0 |      19 |       0 |   0.0
       D:10 |    4112 |    1226 |  23.0 |      38 |      18 |  32.1
     Lair:1 |    2167 |    1154 |  34.7 |       5 |       9 |  64.3
     Lair:2 |    7765 |       0 |   0.0 |      29 |       0 |   0.0
     Lair:3 |    7556 |       0 |   0.0 |      25 |       0 |   0.0
     Lair:4 |    2755 |    7923 |  74.2 |      13 |      30 |  69.8
     Lair:5 |    7059 |    5163 |  42.2 |      28 |      16 |  36.4
     Lair:6 |    7802 |   14069 |  64.3 |      33 |      53 |  61.6
    Swamp:1 |   16322 |    2967 |  15.4 |      34 |       1 |   2.9
    Swamp:2 |   15366 |       0 |   0.0 |      32 |       0 |   0.0
    Swamp:3 |   14555 |    2039 |  12.3 |      33 |       1 |   2.9
    Swamp:4 |   10606 |   27385 |  72.1 |      27 |      41 |  60.3
    Snake:1 |    8229 |    7791 |  48.6 |      15 |      12 |  44.4
    Snake:2 |    4709 |    4478 |  48.7 |      13 |       3 |  18.8
            +---------+---------+-------+---------+---------+-------
